 Dungeon Crawl Stone Soup version 0.23.2-40-g277498a001 (webtiles) character file.

Game seed: 12505161323861707211

7460 Exodus22XD the Cleaver (level 10, -3/77 HPs)
             Began as a Demonspawn Gladiator on Sept 6, 2019.
             Was a Priest of Uskayaw.
             Slain by a spiny frog (6 damage)
             ... on level 1 of the Lair of Beasts.
             The game lasted 00:44:15 (9088 turns).

Exodus22XD the Cleaver (Demonspawn Gladiator)       Turns: 9088, Time: 00:44:16

Health: -3/77      AC: 20    Str: 18    XL:     10   Next: 94%
Magic:  0/23       EV: 12    Int: 10    God:    Uskayaw [***...]
Gold:   246        SH:  0    Dex: 14    Spells: 9/9 levels left

rFire    . . .     SeeInvis .   p - +0 flail
rCold    . . .     Gourm    .   (no shield)
rNeg     + . .     Faith    .   N - +0 pearl dragon scales
rPois    +         Spirit   +   t - +2 hat
rElec    .         Reflect  .   (no cloak)
rCorr    .         Harm     .   (no gloves)
MR       .....                  (no boots)
Stlth    ..........             l - amulet of guardian spirit
HPRegen  0.22/turn              s - ring of magical power
MPRegen  0.18/turn              A - ring of poison resistance

@: sanguine armour, very slightly contaminated
A: claws 2, powered by death 1, spiny 2, sanguine armour 1
a: Stomp, Line Pass, Renounce Religion


You were on level 1 of the Lair of Beasts.
You worshipped Uskayaw.
Uskayaw was noncommittal.
You were hungry.

You visited 3 branches of the dungeon, and saw 10 of its levels.
You also visited: Sewer and Ossuary.

You collected 301 gold pieces.
You spent 55 gold pieces at shops.

Inventory:

Hand Weapons
 a - a +0 war axe
 g - the +4 hunting sling "Ruothraw" {velocity, MR+}
   (You found it on level 4 of the Dungeon)

   Any stone fired from it inflicts extra damage.
   It affects your resistance to hostile enchantments.
 p - a +0 flail (weapon)
 B - a +2 hand axe of chopping
Missiles
 d - 4 throwing nets (quivered)
Armour
 b - a +0 leather armour
 c - a +0 helmet
 t - a +2 hat (worn)
 N - +0 pearl dragon scales (worn)
Jewellery
 l - an amulet of guardian spirit (around neck)
 q - an uncursed amulet of magic regeneration {unknown}
 s - a ring of magical power (left claw)
 v - an uncursed ring of stealth
 A - a ring of poison resistance (right claw)
 P - an uncursed amulet of harm {unknown}
Wands
 j - a wand of random effects (21)
 y - a wand of enslavement (9)
 H - a wand of paralysis (8)
 Q - a wand of acid (13)
Scrolls
 e - 2 scrolls of immolation
 k - 3 scrolls of teleportation
 m - 2 scrolls of enchant armour {unknown}
 n - 3 scrolls of fear {unknown}
 o - 6 scrolls of remove curse
 r - 3 scrolls of amnesia
 x - a scroll of magic mapping {unknown}
 D - 2 scrolls of blinking
 E - a scroll of noise {unknown}
 O - a scroll of acquirement {unknown}
Potions
 h - 2 potions of flight
 i - 6 potions of heal wounds
 u - 4 potions of mutation
 w - 2 potions of resistance
 z - 11 potions of curing
 C - a potion of invisibility {unknown}
 F - a potion of agility {unknown}
 G - 2 potions of cancellation {unknown}
 I - 2 potions of haste {unknown}
 J - 2 potions of might {unknown}
 K - 3 potions of brilliance {unknown}
 M - a potion of magic {unknown}
Comestibles
 f - 17 rations


   Skills:
 + Level 6.6 Fighting
 + Level 9.5 Axes
 + Level 1.7 Throwing
 * Level 6.5 Armour
 + Level 6.0 Dodging
 * Level 5.3 Unarmed Combat
 * Level 6.1 Invocations


You had 9 spell levels left.
You didn't know any spells.
Your spell library contained the following spells:

 Spells                   Type           Power        Failure   Level  Hunger
 Beastly Appendage        Tmut           #.....       80%         1    ##.....
 Sandblast                Erth           #.....       80%         1    ##.....
 Passwall                 Tmut/Erth      #.......     90%         2    ###....
 Sticks to Snakes         Tmut           #.......     90%         2    ###....
 Spider Form              Tmut/Pois      #.........   99%         3    ####...
 Stone Arrow              Conj/Erth      #.....       99%         3    ####...
 Ice Form                 Ice/Tmut       #.......     100%        4    #####..
 Petrify                  Tmut/Erth      #.......     100%        4    #####..
 Blade Hands              Tmut           #.........   100%        5    ######.
 Bolt of Magma            Conj/Fire/Erth #.........   100%        5    ######.
 Iskenderun's Battlesphe  Conj/Chrm      #.......     100%        5    ######.
 Lee's Rapid Deconstruct  Erth           #.........   100%        5    ######.
 Venom Bolt               Conj/Pois      #.........   100%        5    ######.
 Iron Shot                Conj/Erth      #.........   100%        6    #######
 Orb of Destruction       Conj           #.........   100%        7    #######
 Spellforged Servitor     Conj/Summ      #.........   100%        7    #######


Dungeon Overview and Level Annotations

Branches:
Dungeon (8/15)             Temple (1/1) D:5            Lair (1/6) D:8

Altars:
Ashenzari
Cheibriados
Dithmenos
Elyvilon
Fedhas
Hepliaklqana
Kikubaaqudgha
Makhleb
Nemelex Xobeh
Okawaru
Ru
Trog
Uskayaw
Vehumet
Wu Jian
Xom
Yredelemnul
Zin
The Shining One

Shops:
D:5 !   D:6 [   D:7 %

Annotations:
D:3 2 transporters, torrenera's ghost, amateur DrTm


Innate Abilities, Weirdness & Mutations

You have very sharp fingernails.
You regenerate a little health from kills.
You are mostly covered in sharp spines.
When seriously injured, your bleeding wounds create armour. (AC +6)


Message History

You barely miss the eight-headed hydra.
The eight-headed hydra is severely wounded.
The eight-headed hydra bites you!
* * * LOW HITPOINT WARNING * * *
The eight-headed hydra bites you.
* * * LOW HITPOINT WARNING * * *
The eight-headed hydra bites you!
* * * LOW HITPOINT WARNING * * *
The eight-headed hydra completely misses you.
The eight-headed hydra bites you.
* * * LOW HITPOINT WARNING * * *
The eight-headed hydra bites you but does no damage.
The eight-headed hydra barely misses you. x2
Blink to where?
Press: ? - help, Dir - move target cursor You are very lightly contaminated with residual magic.
As you read the scroll of blinking, it crumbles to dust.
The spiny frog is struck by your spines.
The spiny frog stings you!
You die...

#.#...#######.##..#.
#.....### ##.###..♣
#.#.....####...##♣P♣
#...§..........♣ ♣.P
##.##.##........♣♣..P
#..P#.#.........PP♣
##.##D............♣
#P.##F###........#..
#P..@.###.....†..♣.♣♣
##.P..##.......#...♣
#.#.......#..####.P♣
#............# ...
#..##.#......## P
#...#.#........
#.)............#
#####.........##
#...#..(..#


You could see an eight-headed hydra and a spiny frog.

Vanquished Creatures
  2 spiny frogs (Lair:1)
  2 blink frogs (Lair:1)
  A dream sheep (D:8)
  A hippogriff (Lair:1)
  2 spriggans (Lair:1)
  8 yaks
  Menkaure (D:7)
  A hungry ghost (D:7)
  3 wargs (D:8)
  3 water moccasins (Lair:1)
  5 porcupines (Lair:1)
  2 orc warriors (D:8)
  An ice beast (D:6)
  2 sky beasts
  2 phantoms
  3 crocodiles (Lair:1)
  A centaur (D:6)
  2 big kobolds (Sewer)
  3 bullfrogs
  A water moccasin zombie (D:7)
  A scorpion (D:7)
  3 killer bees (D:7)
  7 wights
  A howler monkey (D:4)
  5 crimson imps
  A quasit (D:7)
  3 jellies
  A centaur zombie (Ossuary)
  2 hounds
  A centaur skeleton (D:3)
  7 orc priests
  13 orc wizards
  Jessica (D:3)
  Terence (D:3)
  3 worker ants
  A hound zombie (D:7)
  6 mummies (Ossuary)
  12 gnolls
  6 adders
  A river rat (D:5)
  A shadow imp (D:6)
  3 oozes
  4 adder skeletons (D:5)
  2 adder zombies
  5 worms
  2 dart slugs
  4 leopard geckos
  36 orcs
  11 giant cockroaches
  11 hobgoblins
  7 jackals
  4 quokkas
  3 ball pythons
  13 bats
  8 frilled lizards
  4 goblins
  3 hobgoblin zombies (Ossuary)
  21 kobolds
  2 quokka skeletons
  17 rats
283 creatures vanquished.

Vanquished Creatures (others)
  2 fungi (Lair:1)
  7 plants (Lair:1)
9 creatures vanquished.

Grand Total: 292 creatures vanquished

Notes
Turn   | Place    | Note
-------+----------+-------------------------------------------
     0 | D:1      | Exodus22XD the Demonspawn Gladiator began the quest for the
                  | Orb.
     0 | D:1      | Reached XP level 1. HP: 16/16 MP: 1/1
   240 | D:1      | Gained mutation: You regenerate a little health from kills.
                  | [demonic ancestry]
   240 | D:1      | Reached XP level 2. HP: 21/22 MP: 2/2
   257 | D:1      | Reached skill level 3 in Axes
   395 | D:1      | Gained mutation: When seriously injured, your bleeding
                  | wounds create armour. (AC +6) [demonic ancestry]
   395 | D:1      | Reached XP level 3. HP: 22/27 MP: 3/3
   401 | D:1      | Reached skill level 1 in Armour
  1118 | D:2      | Gained mutation: You have sharp fingernails. [demonic
                  | ancestry]
  1118 | D:2      | Reached XP level 4. HP: 34/34 MP: 3/4
  1189 | D:2      | Found a bloodstained altar of Trog.
  1732 | D:3      | Reached skill level 4 in Axes
  1751 | D:3      | Gained mutation: You are partially covered in sharp spines.
                  | [demonic ancestry]
  1751 | D:3      | Reached XP level 5. HP: 23/39 MP: 5/5
  1907 | D:3      | Found a shadowy altar of Dithmenos.
  1910 | D:3      | Found an ancient bone altar of Kikubaaqudgha.
  1913 | D:3      | Found a glowing silver altar of Zin.
  2079 | D:3      | Found a shadowy altar of Dithmenos.
  2109 | D:3      | Noticed Terence
  2135 | D:3      | Killed Terence
  2291 | D:3      | Found a transporter.
  2292 | D:3      | Noticed a necrophage
  2303 | D:3      | Found a transporter.
  2304 | D:3      | Noticed torrenera's ghost (amateur DrTm)
  2319 | D:3      | Noticed Jessica
  2329 | D:3      | Killed Jessica
  2486 | D:4      | Noticed a phantom
  2530 | D:4      | Noticed an ogre
  2624 | D:4      | Gained mutation: You are mostly covered in sharp spines.
                  | [demonic ancestry]
  2624 | D:4      | Reached XP level 6. HP: 45/46 MP: 6/6
  2794 | D:4      | Reached skill level 5 in Axes
  2986 | D:4      | Found a burning altar of Makhleb.
  3056 | D:4      | Gained mutation: You have very sharp fingernails. [demonic
                  | ancestry]
  3056 | D:4      | Reached XP level 7. HP: 52/52 MP: 7/7
  3278 | D:4      | Got a transparent hunting sling
  3279 | D:4      | Identified the +4 hunting sling "Ruothraw" {velocity, MR+}
                  | (You found it on level 4 of the Dungeon)
  3312 | D:5      | Entered Level 5 of the Dungeon
  3355 | D:5      | Reached skill level 1 in Unarmed Combat
  3898 | D:5      | Found a staircase to the Ecumenical Temple.
  3906 | Temple   | Entered the Ecumenical Temple
  4260 | D:5      | Found Ynginosk's Distillery.
  4263 | D:5      | Bought a potion of heal wounds for 55 gold pieces
  5186 | D:6      | Found an ancient bone altar of Kikubaaqudgha.
  5338 | D:6      | Reached skill level 6 in Axes
  5401 | D:6      | Found a radiant altar of Vehumet.
  5402 | D:6      | Found a burning altar of Makhleb.
  5482 | D:6      | Found Bumyjiat's Armour Shoppe.
  5515 | D:6      | Reached XP level 8. HP: 54/60 MP: 8/8
  5544 | D:6      | Found a glowing drain.
  5578 | Sewer    | Entered a sewer
  6154 | D:7      | Noticed Menkaure
  6272 | D:7      | Found a hide-covered altar of Uskayaw.
  6308 | D:7      | Reached skill level 7 in Axes
  6334 | D:7      | Became a worshipper of Uskayaw the Reveler
  6401 | D:7      | Reached * piety under Uskayaw
  6402 | D:7      | Reached ** piety under Uskayaw
  6405 | D:7      | Reached *** piety under Uskayaw
  6408 | D:7      | Reached **** piety under Uskayaw
  6410 | D:7      | Reached skill level 1 in Invocations
  6425 | D:7      | Found a sand-covered staircase.
  6435 | Ossuary  | Entered an ossuary
  6466 | Ossuary  | Reached ***** piety under Uskayaw
  6480 | Ossuary  | Reached ****** piety under Uskayaw
  6545 | D:7      | Reached skill level 5 in Fighting
  6545 | D:7      | Reached XP level 9. HP: 51/68 MP: 10/10
  6594 | D:7      | Killed Menkaure
  6918 | D:7      | Found Vuwu's Food Shop.
  7160 | D:8      | Reached skill level 8 in Axes
  7213 | D:8      | Found an ornate altar of the Wu Jian Council.
  7213 | D:8      | Found a hazy altar of Hepliaklqana.
  7362 | D:7      | Reached skill level 5 in Armour
  7594 | D:8      | Reached skill level 5 in Dodging
  7724 | D:8      | Found a staircase to the Lair.
  7752 | D:8      | Reached XP level 10. HP: 53/76 MP: 12/13
  8611 | Lair:1   | Entered Level 1 of the Lair of Beasts
  8612 | Lair:1   | Noticed a spiny frog
  8618 | Lair:1   | Reached skill level 9 in Axes
  8622 | Lair:1   | Reached skill level 5 in Invocations
  8623 | Lair:1   | Killed a spiny frog
  8705 | Lair:1   | Noticed a spiny frog
  8722 | Lair:1   | Killed a spiny frog
  8723 | Lair:1   | Reached skill level 5 in Unarmed Combat
  8774 | Lair:1   | Found a radiant altar of Vehumet.
  8780 | Lair:1   | Noticed an eight-headed hydra
  8806 | Lair:1   | Noticed a spiny frog
  9086 | Lair:1   | HP: 2/77 [eight-headed hydra (3)]
  9088 | Lair:1   | Slain by a spiny frog

Skill      XL: |  1  2  3  4  5  6  7  8  9 10 |
---------------+-------------------------------+-----
Axes           | 3 4 5 6 7 8 9 |  9.5
Dodging        | 3 4 5 6 |  6.0
Armour         | 1 2 3 4 5 6 |  6.5
Fighting       | 3 4 5 6 |  6.6
Unarmed Combat | 1 3 4 5 |  5.3
Invocations    | 1 4 6 |  6.1
Throwing       | |  1.7

Action                   |  1- 3 |  4- 6 |  7- 9 | 10-12 || total
-------------------------+-------+-------+-------+-------++-------
Melee: War axe           |   110 |   136 |       |       ||   246
       Dagger            |       |     1 |       |       ||     1
       Hand axe          |       |     2 |   337 |    93 ||   432
       Punch             |       |       |     3 |     1 ||     4
       Flail             |       |       |       |    20 ||    20
Invok: Line Pass         |       |       |     3 |     9 ||    12
       Stomp             |       |       |       |     4 ||     4
  Use: Scroll            |       |       |    10 |     2 ||    12
       Potion            |       |       |     2 |     2 ||     4
 Stab: Sleeping          |     2 |     6 |     2 |       ||    10
       Distracted        |       |     1 |       |       ||     1
       Paralysed         |       |       |    14 |    11 ||    25
       Confused          |       |       |       |     3 ||     3
  Eat: Chunk             |     1 |     6 |     6 |     8 ||    21
       Ration            |       |       |     3 |       ||     3
Armor: Leather armour    |    41 |    37 |    65 |     1 ||   144
       Pearl dragon scal |       |       |       |    68 ||    68
Dodge: Dodged            |   112 |    97 |   208 |   103 ||   520
